 Dungeon Crawl Stone Soup version 0.31-a0-263-ge8cad7f256 (webtiles) character file.

Game seed: 12666324541557726079

19 lessens the Shield-Bearer (level 2, -1/19 HPs)
             Began as a Gargoyle Fighter on July 14, 2023.
             Frozen to death by an endoplasm (5 damage)
             ... on level 1 of the Dungeon.
             The game lasted 00:00:48 (523 turns).

lessens the Shield-Bearer (Gargoyle Fighter)         Turns: 523, Time: 00:00:49

Health: -1/19      AC:  9    Str: 25    XL:     2   Next: 75%
Magic:  2/2        EV:  9    Int:  8    God:
Gold:   16         SH:  4    Dex:  9    Spells: 1/1 levels left

rFire   . . .        f - +0 broad axe
rCold   . . .        c - +0 buckler
rNeg    + . .        b - +0 scale mail
rPois   ∞            (no helmet)
rElec   +            (no cloak)
rCorr   .            (no gloves)
SInv    .            (no boots)
Will    .....        (no amulet) Stlth
                     e - +6 ring of strength
HPRegen 0.23/turn    (no ring)
MPRegen 0.08/turn

%: no passive effects
@: no status effects
A: sickness immunity, AC +2, negative energy resistance 1, electricity
resistance, torment resistance 1, petrification resistance
a: no special abilities


You were on level 1 of the Dungeon.
You visited 1 branch of the dungeon, and saw 1 of its levels.

You collected 16 gold pieces.

Inventory:

Hand Weapons
 a - a +0 flail
 f - a +0 broad axe (weapon)
Missiles
 g - 2 stones
 j - 6 poisoned darts
Armour
 b - a +0 scale mail (worn)
 c - a +0 buckler (worn)
Jewellery
 e - a +6 ring of strength (left hand)
Scrolls
 i - a scroll of teleportation {unknown}
 k - a scroll of identify {unknown}
Potions
 d - a potion of might
 h - 2 potions of brilliance {unknown}


   Skills:
 - Level 3.2 Fighting
 + Level 1.3(2.1) Axes
 - Level 2.6(2.9) Maces & Flails
 - Level 3.2 Armour
 - Level 3.2 Shields


You had one spell level left.
You didn't know any spells.
Your spell library contained the following spells:

 Spells                   Type           Power      Damage    Failure   Level
 Anguish                  Hex/Necr       0%         N/A       100%        4
 Petrify                  Tmut/Erth      0%         N/A       100%        4
 Silence                  Hex/Air        0%         N/A       100%        5


Dungeon Overview and Level Annotations

Branches:
Dungeon (1/15) Zot: 5443

Altars:


Innate Abilities, Weirdness & Mutations

You are immune to sickness and miasma.
Your stone body is resilient. (AC +2)
You are immune to poison.
You resist negative energy. (rN+)
You are resistant to electric shocks. (rElec)
You are resistant to unholy torment.
You are immune to petrification.


Message History

The quokka is almost dead.
You hit the endoplasm. The quokka bites you. The endoplasm freezes you.
You are frozen.
You closely miss the quokka.
The quokka is almost dead.
You barely miss the endoplasm. The quokka bites you.
The endoplasm completely misses you.
The quokka bites you but does no damage.
The endoplasm freezes you.
You are frozen.
You are too injured to fight recklessly!
You are too injured to fight recklessly!
You are too injured to fight recklessly!
You hit the endoplasm but do no damage.
The endoplasm is heavily wounded.
You closely miss the quokka. The quokka closely misses you.
The endoplasm freezes you.
You are frozen.
* * * LOW HITPOINT WARNING * * *
The quokka closely misses you. The endoplasm freezes you.
You are frozen.
* * * LOW HITPOINT WARNING * * *
The quokka bites you but does no damage.
You see here 3 stones.
The quokka attacks as you move away!
The quokka bites you but does no damage.
You see here a giant cockroach corpse.
You barely miss the quokka.
The quokka is severely wounded.
The quokka bites you but does no damage.
You hit the quokka.
The quokka is almost dead.
The quokka bites you but does no damage. x2
You slash the quokka!
You kill the quokka!
The endoplasm freezes you.
You are frozen.
You die...

..###............# .##
#######.###### ## #.# .##
#### #)# ..###..# #.# #
...###.# #.# ##### !#
#...##.# #.### #... ..##
##...#.## #.#.####.# #....
##.....###.....@J.##).#
##..........#.##....#
#####...###..#.####†#.....
.......## #.#...# #...#.##
##..#### #.#.......#....
#.. #.#...###.###### #..
..##.## #.# #.# ####.# #)#
#. #.#


You could see an endoplasm.

Vanquished Creatures
  An endoplasm (D:1)
  4 giant cockroaches (D:1)
  3 hobgoblins (D:1)
  A quokka (D:1)
  3 ball pythons (D:1)
  4 frilled lizards (D:1)
  2 goblins (D:1)
  A kobold (D:1)
19 creatures vanquished.

Notes
Turn   | Place    | Note
-------+----------+-------------------------------------------
     0 | D:1      | lessens the Gargoyle Fighter began the quest for the Orb.
     0 | D:1      | Reached XP level 1. HP: 14/14 MP: 1/1
   196 | D:1      | Reached XP level 2. HP: 18/19 MP: 2/2
   415 | D:1      | Reached skill level 1 in Axes
   455 | D:1      | Got Ijeqoim's Directory of Shaping and Ensorcelling
   523 | D:1      | Frozen to death by an endoplasm

Illustrated notes

Levels and vault maps discovered:
D:1:      elethiomel_arrival_shortcut, layout_loops_ring, minmay_pentomino_p2

Skill      XL: |  1  2 |
---------------+-------+-----
Axes           | 1 |  1.3
Fighting       | |  3.2
Maces & Flails | |  2.6
Armour         | |  3.2
Shields        | |  3.2

Action                     || total
---------------------------++-------
  Melee: Flail             ||    20
         Broad axe         ||    50
 Armour: Scale mail        ||    43
  Dodge: Dodged            ||    41
  Block: Buckler           ||    11

Table legend: (Time is in decaauts)
 A = Elapsed time spent in this place.
 B = Non-inter-level travel time spent in this place.
 C = Inter-level travel time spent in this place.
 D = Time resting spent in this place.
 E = Time spent auto-exploring this place.
 F = Levels seen in this place.
 G = Mean time per level.
                   A        B        C        D        E       F      G
               +--------+--------+--------+--------+--------+-----+--------+
         Total |    554 |    554 |      0 |      0 |    390 |   1 |  554.0 |
       Dungeon |    554 |    554 |      0 |      0 |    390 |   1 |  554.0 |
               +--------+--------+--------+--------+--------+-----+--------+

Top non-repeatable levels by time:
     D:1: 554 daAuts

Levels and vault maps discovered:
D:1:      elethiomel_arrival_shortcut, layout_loops_ring, minmay_pentomino_p2
